 Dungeon Crawl Stone Soup version 0.31-a0-940-gdaa99269f9 (webtiles) character file.

Game seed: 1858011074459222160

368 LeprechaunX the Changeling (level 6, -5/41 HPs)
             Began as an Octopode Shapeshifter on Oct 20, 2023.
             Splashed by a jelly's acid (6 damage)
             ... on level 4 of the Dungeon.
             The game lasted 00:03:13 (2639 turns).

LeprechaunX the Changeling (Octopode Shapeshifter)  Turns: 2639, Time: 00:03:14

Health: -5/41      AC: -15   Str: 15    XL:     6   Next: 69%
Magic:  6/6        EV: 13    Int: 13    God:
Gold:   220        SH:  0    Dex: 11    Spells: 5/5 levels left

rFire   . .          .
                       - Unarmed
rCold   . . .        (no shield)
rNeg    . . .        (helmet currently unavailable)
rPois   .            (no amulet)
rElec   .            (no ring)
rCorr   .            (no ring)
SInv    .            (no ring)
Will    .....        (no ring)
Stlth   ++           (no ring)
HPRegen 0.26/turn    (no ring)
MPRegen 0.10/turn    (no ring)
                     (no ring)

%: no passive effects
@: beast-form, corroded, studying Maces & Flails
A: beast (slay +2), almost no armour, amphibious, 8 rings, camouflage 1,
gelatinous body 1, (nimble swimmer 1), tentacles
a: Begin Untransformation


You were on level 4 of the Dungeon.
You were a hulking beast.
You visited 1 branch of the dungeon, and saw 4 of its levels.

You collected 220 gold pieces.

Inventory:

Hand Weapons
 a - a +0 sling
Missiles
 m - 2 throwing nets (quivered)
Talismans
 b - a beast talisman (active)
 c - a flux talisman
Scrolls
 d - a scroll of torment {unknown}
 e - a scroll of immolation {unknown}
 f - 2 scrolls of silence {unknown}
 g - a scroll of blinking {unknown}
 i - a scroll of enchant weapon {unknown}
 j - 4 scrolls of identify {unknown}
 p - a scroll of acquirement {unknown}
Potions
 k - a potion of attraction {unknown}
 l - a potion of degeneration {unknown}
 n - a potion of might {unknown}
 o - a potion of curing {unknown}


   Skills:
 + Level 2.9 Fighting
 + Level 3.5 Dodging
 + Level 4.2 Unarmed Combat
 * Level 4.8 Shapeshifting


You had 5 spell levels left.
You didn't know any spells.
Your spell library contained the following spells:

 Spells                   Type           Power      Damage    Failure   Level
 Foxfire                  Conj/Fire      0%         2x1d4     30%         1
 Ozocubu's Armour         Ice            0%         N/A       67%         3
 Plasma Beam              Fire/Air       0%         2x1d10    100%        6
 Starburst                Conj/Fire      0%         6d3       100%        6
 Ozocubu's Refrigeration  Ice            0%         4d7       100%        7


Dungeon Overview and Level Annotations

Branches:
Dungeon (4/15)
 Temple: D:4-7

Altars:


Innate Abilities, Weirdness & Mutations

You are a hulking beast.
Your limbs bulge with bestial killing power. (Slay +2)
You cannot wear most types of armour.
You are amphibious.
You can wear up to eight rings at the same time.
Your skin changes colour to match your surroundings (Stealth+).
Your rubbery body absorbs attacks. (AC +1, EV +1)
((You are camouflaged when in or above water. (Stealth+)))
You have tentacles for arms and can constrict up to eight enemies at once.


Message History

Done exploring.
Search for what [Enter for "."]? .
Unknown command.
There is an open door here.
There is a stone staircase leading down here.
You climb downwards.
There is a stone staircase leading up here.
Found an escape hatch in the floor.
A jelly comes into view.
A jelly is nearby!
A jelly is nearby!
The jelly quivers.
You tentacle-slap the jelly. The acid corrodes you!
Your tentacles burn!
The jelly is moderately wounded.
You barely miss the jelly.
The jelly is moderately wounded.
The jelly misses you.
You tentacle-slap the jelly. The acid corrodes you!
Your tentacles burn!
The jelly is heavily wounded.
The jelly barely misses you.
You tentacle-slap the jelly but do no damage.
Your tentacles burn!
The jelly is heavily wounded.
The jelly jiggles.
The jelly closely misses you.
You tentacle-slap the jelly. The acid corrodes you!
Your tentacles burn!
The jelly is heavily wounded.
The jelly hits you. The acid corrodes you!
You are splashed with acid!
You tentacle-slap the jelly but do no damage.
Your tentacles burn!
The jelly is heavily wounded.
The jelly hits you. The acid corrodes you!
You are splashed with acid!
* * * LOW HITPOINT WARNING * * *
You tentacle-slap the jelly. The acid corrodes you!
Your tentacles burn!
* * * LOW HITPOINT WARNING * * *
The jelly is severely wounded.
The jelly hits you.
* * * LOW HITPOINT WARNING * * *
You are splashed with acid.
You die...

.... ......# #
##.....#
#.#......#
.........#
.........#########
.................#
.................#
......Jh....#....#
.......>....#....#
............#....#
#############....#
#.<...# #.....#
#.....# ##....#
######


You could see a jelly.

Vanquished Creatures
  Sigmund (D:3)
  A hound (D:3)
  Natasha (thrice) (D:2)
  Robin (D:3)
  An adder (D:3)
  2 gnolls (D:2)
  A worm (D:2)
  3 dart slugs
  4 ball pythons
  2 bats
  3 endoplasms (D:1)
  2 giant cockroaches
  11 goblins
  5 hobgoblins (D:3)
  2 jackals (D:1)
  4 kobolds
  6 quokkas
  3 frilled lizards (D:3)
  7 rats
62 creatures vanquished.

Notes
Turn   | Place    | Note
-------+----------+-------------------------------------------
     0 | D:1      | LeprechaunX the Octopode Shapeshifter began the quest for
                  | the Orb.
     0 | D:1      | Reached XP level 1. HP: 13/13 MP: 1/1
    78 | D:1      | Reached XP level 2. HP: 11/18 MP: 2/2
   878 | D:2      | Noticed Natasha
   885 | D:2      | Killed Natasha
   886 | D:2      | Reached XP level 3. HP: 3/24 MP: 3/3
   886 | D:2      | HP: 1/24 [rat (2)]
  1087 | D:2      | Noticed Natasha
  1094 | D:2      | Killed Natasha
  1095 | D:2      | Reached XP level 4. HP: 29/29 MP: 4/4
  1172 | D:2      | Noticed Natasha
  1183 | D:2      | Killed Natasha
  1309 | D:2      | Reached XP level 5. HP: 20/34 MP: 5/5
  1391 | D:2      | Found a faded altar of an unknown god.
  2001 | D:3      | Noticed Robin
  2001 | D:3      | Noticed Sigmund
  2129 | D:3      | Killed Robin
  2528 | D:3      | Killed Sigmund
  2529 | D:3      | Reached XP level 6. HP: 41/41 MP: 6/6
  2639 | D:4      | HP: 2/41 [acid (5)]
  2639 | D:4      | Splashed by a jelly's acid

Illustrated notes

Levels and vault maps discovered:
D:1:      dpeg_arrival_prison, layout_rooms
D:2:      wad_woods_tower, layout_basic, hellmonk_ecumenical_altar_zigzags,
          minmay_surrounded, uniq_natasha
D:3:      layout_basic, uniq_sigmund, uniq_robin
D:4:      layout_gridville, nicolae_figureground_sparkle

Skill      XL: |  1  2  3  4  5 |
---------------+----------------+-----
Fighting       | 2 |  2.9
Shapeshifting  | 4 |  4.8
Dodging        | 3 |  3.5
Unarmed Combat | 4 |  4.2

Action                     |  1- 3 |  4- 6 || total
---------------------------+-------+-------++-------
  Melee: Unarmed           |    42 |    82 ||   124
         Tentacles         |    10 |    14 ||    24
         Constrict         |     9 |    18 ||    27
         Punch             |     2 |       ||     2
  Throw: Throwing net      |       |     2 ||     2
    Use: Potion            |       |     1 ||     1
   Stab: Sleeping          |     2 |     3 ||     5
 Armour: Skin              |    19 |    40 ||    59
  Dodge: Dodged            |    15 |    30 ||    45

Table legend: (Time is in decaauts)
 A = Elapsed time spent in this place.
 B = Non-inter-level travel time spent in this place.
 C = Inter-level travel time spent in this place.
 D = Time resting spent in this place.
 E = Time spent auto-exploring this place.
 F = Levels seen in this place.
 G = Mean time per level.
                   A        B        C        D        E       F      G
               +--------+--------+--------+--------+--------+-----+--------+
         Total |   2631 |   2456 |    175 |    227 |   1832 |   4 |  657.8 |
       Dungeon |   2631 |   2456 |    175 |    227 |   1832 |   4 |  657.8 |
               +--------+--------+--------+--------+--------+-----+--------+

Top non-repeatable levels by time:
     D:2: 1444 daAuts
     D:3: 703 daAuts
     D:1: 466 daAuts
     D:4: 17 daAuts
